 Dungeon Crawl Stone Soup version 0.16-a0-44-gd96af6c (console) character file.

322 MrRokkomies the Chiller (level 6, -2/43 HPs)
             Began as a Merfolk Ice Elementalist on Aug 5, 2014.
             Slain by an orc wizard
             ... wielding a +0 dagger
              (5 damage)
             ... on Level 4 of the Dungeon.
             The game lasted 00:20:14 (3955 turns).

MrRokkomies the Chiller (Merfolk Ice Elementalist)  Turns: 3955, Time: 00:20:14

HP  -2/43        AC  8     Str 15      XL: 6   Next: 47%
MP   9/10        EV 12     Int 14      God:
Gold 156         SH  0     Dex 15      Spells:  2 memorised,  5 levels left

rFire  . . .     SeeInvis .     t - +0 halberd
rCold  . . .     Clarity  .     q - +0 leather armour
rNeg   . . .     rCorr    .     (no shield)
rPois  .         rRot     .     (no helmet)
rElec  .         Spirit   .     (no cloak)
SustAb .         Warding  .     (no gloves)
rMut   .         Stasis   .     (no boots)
Gourm  .                        (no amulet)
MR     .....                    (no ring)
                                (no ring)

@: mighty, icy armour (expiring), very slightly contaminated, not resistant to
hostile enchantments, unstealthy
A: change form in water, swift swim
a: no special abilities


You were on level 4 of the Dungeon.
You were not hungry.

You visited 1 branch of the dungeon, and saw 4 of its levels.

You collected 156 gold pieces.

Inventory:

Hand weapons
 n - a +2 dagger of venom
 t - a +0 halberd (weapon)
Missiles
 k - 5 poisoned needles
Armour
 q - a +0 leather armour (worn)
Magical devices
 a - a wand of polymorph (24)
Comestibles
 c - a bread ration
 d - a chunk of ogre flesh
 h - 2 meat rations
 p - a fruit
Scrolls
 e - a scroll of noise
 i - a scroll of identify
 m - a scroll of remove curse
Jewellery
 s - an uncursed ring of teleportation
Potions
 g - 2 potions of magic
 j - a potion of restore abilities
 l - a potion of might
 o - a potion of brilliance
 v - a potion of mutation {unknown}
Books
 b - a book of Frost

   Spells                             Type                      Level
   *Freeze                            Ice                          1
   Throw Frost                        Conjuration/Ice              2
   *Ozocubu's Armour                  Charms/Ice                   3
   Throw Icicle                       Conjuration/Ice              4
   Summon Ice Beast                   Ice/Summoning                4
   Condensation Shield                Ice                          4


   Skills:
 - Level 1.0 Fighting
 * Level 3.1 Polearms
 - Level 2.6 Dodging
 - Level 2.1 Stealth
 - Level 2.0 Spellcasting
   Level 0.7 Conjurations
 * Level 7.1 Ice Magic


You had 5 spell levels left.
You knew the following spells:

 Your Spells              Type           Power        Failure   Level  Hunger
a - Freeze                Ice            ###.         1%          1    ##.....
b - Ozocubu's Armour      Chrm/Ice       ##......     17%         3    ####...


Dungeon Overview and Level Annotations

Branches:
Dungeon (4/15)
 Temple: D:4-7

Altars:
Ashenzari
Kikubaaqudgha
Nemelex Xobeh
Xom


Message History

You hear some strange, mumbled words.
Helpless, you fail to dodge the puff of flame.
The orc hits you but does no damage. Something hits you but does no damage.
The heat melts your icy armour.
Attack whom?
Press: ? - help, Dir - move target cursor, f/p - orc
Aim: an orc wearing a leather armour You impale the orc!!
You kill the orc!
You feel less woody.
Your +0 leather armour unmelds from your body.
An orc wizard appears from thin air!
Reactivating autopickup.
The orc wizard casts a spell.
The orc wizard flickers and vanishes!
Deactivating autopickup; reactivate with Ctrl-A.
You closely miss something. Something hits you but does no damage.
You slash something! Something hits you but does no damage. Something hits you.
You die...

#........)...# .[#
#..........### .
#....[..o....# #
#..........#..# .#
#......g...##.....#
#..........####...#
####)#.###.....#
#[#.# #####......#
###@#.## ......#
#...)..# #......
#......# ......
#......# .....
######## ###


There were no monsters in sight!

Vanquished Creatures
  An ogre (D:4)
  3 orc wizards
  6 adders
  3 gnolls (D:4)
  A giant mite (D:2)
  2 worms
  2 oozes
  9 orcs
  A ball python (D:1)
  6 bats
  A giant cockroach (D:3)
  5 goblins
  10 hobgoblins
  4 jackals
  2 giant newts
  2 kobolds
  2 quokkas
  10 rats
70 creatures vanquished.

Notes
Turn   | Place    | Note
--------------------------------------------------------------
     0 | D:1      | MrRokkomies, the Merfolk Ice Elementalist, began the quest for the Orb.
     0 | D:1      | Reached XP level 1. HP: 13/13 MP: 3/3
   364 | D:1      | Reached XP level 2. HP: 19/19 MP: 2/4
   473 | D:1      | Reached skill level 4 in Ice Magic
  1281 | D:2      | Reached XP level 3. HP: 17/24 MP: 1/6
  1587 | D:2      | Found an ancient bone altar of Kikubaaqudgha.
  1587 | D:2      | Found a sparkling altar of Nemelex Xobeh.
  1588 | D:2      | Found a shattered altar of Ashenzari.
  1723 | D:2      | Learned a level 3 spell: Ozocubu's Armour
  1797 | D:2      | Reached skill level 5 in Ice Magic
  1957 | D:2      | Reached XP level 4. HP: 30/30 MP: 7/7
  1993 | D:2      | Found a shimmering altar of Xom.
  2004 | D:2      | You fall through a shaft for 2 floors!
  2983 | D:3      | Reached skill level 6 in Ice Magic
  3025 | D:3      | Reached XP level 5. HP: 22/35 MP: 7/9
  3666 | D:4      | Reached skill level 1 in Fighting
  3857 | D:4      | Noticed an ogre
  3886 | D:4      | Killed an ogre
  3886 | D:4      | Reached skill level 7 in Ice Magic
  3886 | D:4      | Reached XP level 6. HP: 31/43 MP: 8/10
  3945 | D:4      | HP: 3/64 [something/puff of flame (14)]
  3955 | D:4      | Slain by an orc wizard

Action                   |  1- 3 |  4- 6 || total
-------------------------+-------+-------++-------
Melee: Unarmed           |    15 |       ||    15
       Dagger            |    24 |   156 ||   180
       Halberd           |       |    25 ||    25
 Cast: Freeze            |    26 |     2 ||    28
       Ozocubu's Armour  |       |     7 ||     7
Evoke: Wand              |     1 |       ||     1
  Use: Scroll            |     8 |     9 ||    17
       Potion            |       |     7 ||     7
 Stab: Sleeping          |     1 |     2 ||     3
       Distracted        |     1 |       ||     1
  Eat: Chunk             |     3 |     4 ||     7
       Bread ration      |     1 |       ||     1
